 Dungeon Crawl Stone Soup version 0.32-a0-534-ga61f84b8bd (webtiles) character file.

Game seed: 1976871166245178266

249 Gargoyl the Chopper (level 6, -4/38 HPs)
             Began as a Gargoyle Berserker on Feb 28, 2024.
             Was a Follower of Trog.
             Incinerated by a bombardier beetle (5 damage)
             ... with a burning spray
             ... on level 3 of the Dungeon.
             The game lasted 00:02:34 (1689 turns).

Gargoyl the Chopper (Gargoyle Berserker)            Turns: 1689, Time: 00:02:34

Health: -4/38      AC: 13    Str: 20    XL:     6   Next: 12%
Magic:  6/6        EV:  8    Int:  8    God:    Trog [*.....]
Gold:   1033       SH:  0    Dex: 11    Spells: 5/5 levels left

rFire   . . .        a - +0 hand axe
rCold   . . .        (no shield)
rNeg    + + .        h - +0 chain mail
rPois   ∞            (no helmet)
rElec   +            (no cloak)
rCorr   .            (no gloves)
SInv    .            (no boots)
Will    +....        (no amulet) Stlth
                     f - ring of positive energy
HPRegen 0.26/turn    (no ring)
MPRegen 0.10/turn

%: no passive effects
@: on fire, on berserk cooldown, enlightened, flying, slowed, glowing, very slow
A: sickness immunity, AC +4, negative energy resistance 1, electricity
resistance, torment resistance 1, petrification resistance
a: Renounce Religion, Berserk


You were on level 3 of the Dungeon.
You worshipped Trog.
Trog was aware of your devotion.
You visited 1 branch of the dungeon, and saw 3 of its levels.

You collected 1033 gold pieces.

Inventory:

Hand Weapons
 a - a +0 hand axe (weapon)
 g - a +0 flail
Missiles
 d - 3 poisoned darts (quivered)
Armour
 h - a +0 chain mail (worn)
Jewellery
 f - a ring of positive energy (left hand)
 k - a ring of positive energy
Wands
 l - a wand of flame (15)
Scrolls
 c - 2 scrolls of identify
 e - a scroll of teleportation
 i - a scroll of revelation {unknown}
Potions
 j - a potion of lignification {unknown}


   Skills:
 + Level 4.3 Fighting
 + Level 4.4 Axes
 + Level 3.4 Armour
 + Level 2.4 Dodging
 + Level 1.1 Stealth


You had 5 spell levels left.
You didn't know any spells.
Your spell library was empty.

Dungeon Overview and Level Annotations

Branches:
Dungeon (3/15)

Altars:
The Shining One


Innate Abilities, Weirdness & Mutations

You are immune to sickness and miasma.
Your stone body is resilient. (AC +4)
You are immune to poison.
You resist negative energy. (rN+)
You are resistant to electric shocks. (rElec)
You are resistant to unholy torment.
You are immune to petrification.


Message History

Unknown command.
You hit the bombardier beetle.
The bombardier beetle is heavily wounded.
The bombardier beetle sprays incendiary fluid at you.
The burning spray hits you.
You are covered in liquid fire!
You barely miss the bombardier beetle.
The bombardier beetle is heavily wounded.
The liquid fire burns you!
The bombardier beetle bites you but does no damage.
Unknown command.
You barely miss the bombardier beetle.
The bombardier beetle is heavily wounded.
The liquid fire burns you!
The bombardier beetle bites you but does no damage.
Unknown command.
You barely miss the bombardier beetle.
The bombardier beetle is heavily wounded.
The liquid fire burns you!
The bombardier beetle bites you but does no damage.
Unknown command.
You hit the bombardier beetle.
The bombardier beetle is severely wounded.
The liquid fire burns you!
* * * LOW HITPOINT WARNING * * *
The bombardier beetle bites you.
* * * LOW HITPOINT WARNING * * *
Unknown command.
You barely miss the bombardier beetle.
The bombardier beetle is severely wounded.
The liquid fire burns you!
* * * LOW HITPOINT WARNING * * *
The bombardier beetle sprays incendiary fluid at you.
The burning spray hits you.
You are even more covered in liquid fire!
It was a potion of enlightenment.
You feel very buoyant.
You fly up into the air.
The liquid fire burns you!
You die...

.. #.# ..
##.#..........
.....#..........
.#..#..........
...# .........
..# ......(..
#.# #.....#
#<###...#
#.@B.)# ###...#
#.#.$# #.##..#
#.# #.# #.# .#
..# ?# .## #


You could see a bombardier beetle.

Vanquished Creatures
  Grinder (D:3)
  Ijyb (D:2)
  An adder (D:2)
  A dart slug (D:2)
  An orc (D:3)
  An endoplasm (D:2)
  A giant cockroach (D:2)
  3 goblins
  3 hobgoblins
  6 jackals
  2 ball pythons
  A bat (D:3)
  4 frilled lizards
  2 kobolds (D:1)
  3 rats (D:1)
31 creatures vanquished.

Notes
Turn   | Place    | Note
-------+----------+-------------------------------------------
     0 | D:1      | Gargoyl the Gargoyle Berserker began the quest for the Orb.
     0 | D:1      | Reached XP level 1. HP: 14/14 MP: 1/1
   445 | D:1      | Reached XP level 2. HP: 18/19 MP: 2/2
   748 | D:1      | You fall into a shaft and drop 1 floor!
   764 | D:2      | Found a glowing golden altar of the Shining One.
   846 | D:2      | Reached XP level 3. HP: 24/24 MP: 3/3
   970 | D:2      | Identified a scroll of acquirement
   970 | D:2      | Acquired 1003 gold pieces
  1225 | D:2      | Reached ** piety under Trog
  1395 | D:3      | Noticed Ijyb
  1395 | D:3      | Noticed Grinder
  1448 | D:3      | Paralysed by Grinder for 5 turns
  1456 | D:2      | Killed Ijyb
  1457 | D:2      | Reached XP level 4. HP: 21/29 MP: 4/4
  1510 | D:3      | Paralysed by Grinder for 4 turns
  1675 | D:3      | Killed Grinder
  1676 | D:3      | Reached skill level 1 in Stealth
  1676 | D:3      | Reached XP level 5. HP: 33/33 MP: 5/5
  1676 | D:3      | Reached XP level 6. HP: 38/38 MP: 6/6
  1688 | D:3      | HP: 1/38 [burnt (5)]
  1689 | D:3      | Incinerated by a bombardier beetle

Illustrated notes

Levels and vault maps discovered:
D:1:      dpeg_arrival_pits, layout_loops_corners
D:2:      layout_basic, basic_altar
D:3:      layout_rooms, uniq_ijyb, uniq_jessica, uniq_grinder

Skill      XL: |  1  2  3  4 |
---------------+-------------+-----
Axes           | 3 4 |  4.4
Dodging        | 2 |  2.4
Fighting       | 4 |  4.3
Armour         | 3 |  3.4
Stealth        | 1 |  1.1

Action                     |  1- 3 |  4- 6 || total
---------------------------+-------+-------++-------
  Melee: Hand axe          |   112 |    19 ||   131
 Invoke: Berserk           |     2 |     2 ||     4
    Use: Scroll            |     2 |       ||     2
         Potion            |       |     1 ||     1
 Armour: Animal skin       |    41 |       ||    41
         Chain mail        |    61 |    11 ||    72
  Dodge: Dodged            |    83 |     1 ||    84
         Repelled          |     3 |       ||     3

Table legend: (Time is in decaauts)
 A = Elapsed time spent in this place.
 B = Non-inter-level travel time spent in this place.
 C = Inter-level travel time spent in this place.
 D = Time resting spent in this place.
 E = Time spent auto-exploring this place.
 F = Levels seen in this place.
 G = Mean time per level.
                   A        B        C        D        E       F      G
               +--------+--------+--------+--------+--------+-----+--------+
         Total |   1736 |   1714 |     22 |    237 |   1020 |   3 |  578.7 |
       Dungeon |   1736 |   1714 |     22 |    237 |   1020 |   3 |  578.7 |
               +--------+--------+--------+--------+--------+-----+--------+

Top non-repeatable levels by time:
     D:2: 900 daAuts
     D:1: 754 daAuts
     D:3: 81 daAuts
